 Seeded DCSS version 0.29.1-12-g30fa7ad0bf (webtiles) character file.

Game seed: 20230113 (custom seed)

2325 stormannn the Spear-Bearer (level 8, -7/73 HPs)
             Began as a Demigod Fighter on Jan 13, 2023.
             Mangled by an orc warrior
             ... wielding a +0 battleaxe
              (17 damage)
             ... on level 7 of the Dungeon.
             The game lasted 00:11:15 (8043 turns).

stormannn the Spear-Bearer (Demigod Fighter)        Turns: 8043, Time: 00:11:15

Health: -7/73      AC:  8    Str: 25    XL:     8   Next: 99%
Magic:  10/10      EV: 13    Int: 10    God:
Gold:   479        SH:  4    Dex: 13    Spells: 7/7 levels left

rFire   . . .      SeeInvis +   h - +0 spear
rCold   . . .      Faith    .   c - +0 buckler
rNeg    . . .      Spirit   .   b - +1 scale mail
rPois   .          Reflect  .   (no helmet)
rElec   .          Harm     .   (no cloak)
rCorr   .          Rampage  .   (no gloves)
Will    .....                   m - +0 pair of boots
Stlth   ..........              (no amulet)
HPRegen 0.22/turn               p - +4 ring of evasion
MPRegen 0.12/turn               y - ring of see invisible

@: mighty
A: high MP 1, forlorn, divine attributes
a: no special abilities


You were on level 7 of the Dungeon.
You visited 1 branch of the dungeon, and saw 7 of its levels.
You also visited: Ossuary.

You collected 587 gold pieces.
You spent 108 gold pieces at shops.

Inventory:

Hand Weapons
 h - a +0 spear (weapon)
 i - a +4 battleaxe of freezing
Missiles
 a - a throwing net
 s - 7 poisoned darts
 u - 6 curare-tipped darts (quivered)
Armour
 b - a +1 scale mail (worn)
 c - a +0 buckler (worn)
 m - a +0 pair of boots (worn)
Jewellery
 p - a +4 ring of evasion (left hand)
 y - a ring of see invisible (right hand)
Wands
 q - a wand of paralysis (4)
Scrolls
 f - 4 scrolls of poison
 o - 5 scrolls of teleportation
 w - a scroll of magic mapping
Potions
 d - a potion of might
 e - 4 potions of mutation
 g - a potion of attraction {unknown}
 j - a potion of flight {unknown}
 k - 2 potions of invisibility
 l - 3 potions of lignification
 n - a potion of degeneration {unknown}
 r - a potion of resistance {unknown}
 t - a potion of curing {unknown}
 v - a potion of haste {unknown}
 x - a potion of brilliance {unknown}
 z - a potion of ambrosia {unknown}


   Skills:
 + Level 7.2 Fighting
 + Level 9.3 Polearms
 - Level 2.6 Armour
 - Level 2.6 Shields


You had 7 spell levels left.
You didn't know any spells.
Your spell library contained the following spells:

 Spells                   Type           Power      Damage    Failure   Level
 Foxfire                  Conj/Fire      0%         2x1d4     77%         1
 Magic Dart               Conj           0%         1d3       77%         1
 Searing Ray              Conj           0%         2d4       88%         2
 Confusing Touch          Hex            0%         N/A       98%         3
 Conjure Flame            Conj/Fire      0%         6-21      98%         3
 Inner Flame              Hex/Fire       0%         N/A       98%         3
 Flame Wave               Conj/Fire      0%         2d4       100%        4
 Fulminant Prism          Conj/Hex       0%         3d6       100%        4
 Yara's Violent Unravell  Hex/Tmut       0%         3d3       100%        5
 Enfeeble                 Hex            0%         N/A       100%        7


Dungeon Overview and Level Annotations

Branches:
Dungeon (7/15)            Ossuary (visited)
 Temple: D:4-7

Shops:
D:4 !*

Annotations:
D:4 2 transporters, MysteronAgent613's ghost, amateur MeVM
D:5 3 runed translucent doors, SirLogeyBear's ghost, novice HOBe


Innate Abilities, Weirdness & Mutations

You have an increased reservoir of magic. (+10% MP)
You shall have no god before yourself.
Your divine heritage dramatically boosts your attributes as you level up.


Message History

You closely miss the orc warrior.
The orc warrior is lightly wounded.
The orc warrior hits you with a +0 battleaxe!
You hit the orc warrior but do no damage.
The orc warrior is lightly wounded.
You barely miss the orc warrior.
The orc warrior is lightly wounded.
The orc warrior barely misses you.
You hit the orc warrior but do no damage.
The orc warrior is lightly wounded.
The orc warrior hits you with a +0 battleaxe!!
You are too injured to fight recklessly!
You are too injured to fight recklessly!
You are too injured to fight recklessly!
You hit the orc warrior but do no damage.
The orc warrior is lightly wounded.
You hit the orc warrior.
The orc warrior is lightly wounded.
The orc warrior hits you with a +0 battleaxe!
* * * LOW HITPOINT WARNING * * *
You feel very mighty all of a sudden. The orc warrior misses you.
You hit the orc warrior.
The orc warrior is moderately wounded.
The orc warrior hits you with a +0 battleaxe!
* * * LOW HITPOINT WARNING * * *
You closely miss the orc warrior.
The orc warrior is moderately wounded.
You barely miss the orc warrior.
The orc warrior is moderately wounded.
The orc warrior closely misses you.
You hit the orc warrior.
The orc warrior is heavily wounded.
The orc warrior closely misses you.
You closely miss the orc warrior.
The orc warrior is heavily wounded.
You closely miss the orc warrior.
The orc warrior is heavily wounded.
The orc warrior hits you with a +0 battleaxe!
You die...

#####..#### #......#...
#......#... #......#...
##+##..##..#...
#+#####+##..##..##..####
#....'......'...##..#
#....#......#...#...[
##..###@##..##..##...(
### #o##+###..# ##. ..#
...# ...+ .... ###+#
..... ....###


You could see an orc warrior.

Vanquished Creatures
  2 ice beasts
  An orc warrior (D:5)
  2 black bears
  4 ogres
  A bullfrog (D:5)
  2 elf zombies (Ossuary)
  A scorpion (D:7)
  7 wights (D:6)
  A howler monkey (D:6)
  3 hounds
  2 orc priests
  A gnoll bouda (D:4)
  2 iguanas
  12 orc wizards
  Ijyb (D:5)
  2 mummies (Ossuary)
  4 gnolls (D:4)
  7 adders
  2 shadow imps
  2 white imps (D:5)
  9 worms
  4 dart slugs (D:3)
  27 orcs
  3 bats
  2 endoplasms (D:1)
  2 giant cockroaches (D:1)
  3 gnoll zombies (Ossuary)
  5 goblins (D:1)
  6 hobgoblins
  4 jackals (D:4)
  8 quokkas
  9 ball pythons
  6 frilled lizards
  3 goblin zombies (Ossuary)
  4 hobgoblin zombies (Ossuary)
  4 kobolds
  2 orc zombies (Ossuary)
  6 rats
166 creatures vanquished.

Vanquished Creatures (others)
  A plant (D:1)
1 creature vanquished.

Grand Total: 167 creatures vanquished

Notes
Turn   | Place    | Note
-------+----------+-------------------------------------------
     0 | D:1      | stormannn the Demigod Fighter began the quest for the Orb.
     0 | D:1      | Reached XP level 1. HP: 18/18 MP: 3/3
    27 | D:1      | Reached skill level 2 in Polearms
   192 | D:1      | Reached XP level 2. HP: 25/25 MP: 4/4
   713 | D:2      | Reached skill level 3 in Polearms
   713 | D:2      | Reached XP level 3. HP: 22/31 MP: 5/5
  1550 | D:3      | Noticed an ogre
  1562 | D:3      | Killed an ogre
  1563 | D:3      | Reached skill level 4 in Polearms
  1563 | D:3      | Reached XP level 4. HP: 40/40 MP: 6/6
  1678 | D:3      | Reached XP level 5. HP: 33/46 MP: 7/7
  2757 | D:4      | Found a transporter.
  2759 | D:4      | Found Eqekot's Overcharged Wands.
  2828 | D:4      | Reached skill level 5 in Polearms
  2828 | D:4      | Reached XP level 6. HP: 15/52 MP: 8/8
  3293 | D:4      | Found Boimeth's Distillery.
  3294 | D:4      | Found a transporter.
  3403 | D:4      | Bought a potion of heal wounds for 60 gold pieces
  3403 | D:4      | Bought a potion of might for 48 gold pieces
  3588 | D:4      | Found Qaduycs's Assorted Antiques.
  3678 | D:4      | HP: 2/53 [gnoll/+0 spear[a gnoll bouda] (1)]
  3705 | D:4      | Reached skill level 6 in Polearms
  3889 | D:4      | Reached XP level 7. HP: 58/60 MP: 9/9
  4033 | D:4      | Noticed MysteronAgent613's ghost (amateur MeVM)
  4363 | D:5      | Entered Level 5 of the Dungeon
  4451 | D:5      | Reached skill level 5 in Fighting
  4476 | D:5      | Noticed Ijyb
  4490 | D:5      | Paralysed by Ijyb for 4 turns
  4495 | D:5      | Killed Ijyb
  4498 | D:5      | Found a runed translucent gate.
  4501 | D:5      | Noticed SirLogeyBear's ghost (novice HOBe)
  4502 | D:5      | Found a runed translucent gate.
  4502 | D:5      | Found a runed translucent gate.
  4555 | D:5      | Reached skill level 7 in Polearms
  4611 | D:5      | Found a sand-covered staircase.
  4620 | Ossuary  | Entered an ossuary
  5197 | D:5      | Reached XP level 8. HP: 70/70 MP: 10/10
  5432 | D:5      | Reached skill level 8 in Polearms
  7553 | D:6      | Reached skill level 9 in Polearms
  8043 | D:7      | Mangled by an orc warrior

Illustrated notes

Levels and vault maps discovered:
D:1:      wander_arrival_fairy_ring, layout_basic,
          hellmonk_ecumenical_altar_leap_of_faith, st_stairs_6
D:2:      layout_basic
D:3:      layout_basic, overflow_temple_1_default
D:4:      layout_basic, serial_corexii_hall, corexii_hall_statues_deadend,
          chequers_hall_statues_y, serial_shops, shop_statue, shop,
          gammafunk_ghost_stat_death, nicolae_shop_overcharged_wands
D:5:      layout_cave_pods, mainiacjoe_overflow_paths, gammafunk_ghost_split,
          nicolae_ossuary_entry_monument, nicolae_wormholes, uniq_ijyb
D:6:      layout_basic, mainiacjoe_overflow_alcove_1, kennysheep_generic_room_7
D:7:      layout_gridville, nicolae_overflow_crystal_walls,
          minmay_temple_entry_statues_pillars

Skill      XL: |  1  2  3  4  5  6  7  8 |
---------------+-------------------------+-----
Polearms       | 2 3 4 5 6 7 9 |  9.3
Fighting       | 3 4 5 7 |  7.2
Armour         | |  2.6
Shields        | |  2.6

Action                   |  1- 3 |  4- 6 |  7- 9 || total
-------------------------+-------+-------+-------++-------
Melee: Trident           |   109 |   197 |       ||   306
       Spear             |       |    11 |   566 ||   577
Throw: Dart              |     3 |       |       ||     3
  Use: Scroll            |       |     9 |     5 ||    14
       Potion            |       |     4 |     2 ||     6
Armor: Scale mail        |    34 |    65 |   101 ||   200
Dodge: Dodged            |    31 |   121 |   220 ||   372
Block: Buckler           |    23 |    39 |    65 ||   127
